AoeStats
← Kagrenak

Black Forest

504168639Analyzed
4v4 RM · 29d ago on Sep 4, 2026· 76m 37s· 8 players
Game mode
Random Map
Map size
Large (8 player)
Population
200
Speed
Normal
Resources
Standard
Victory
Conquest
Starting age
Dark Age
Ending age
Imperial Age
RankedLock teamsTeams togetherTeam positionsShared explorationLock speedFull tech treeHidden civsTurbo modeCheats
Victory
Defeat
🇭🇰 Persians · Hong Kong SAR China
752
+16
🇲🇴 Chinese · Macao SAR China
736
+17
🇵🇱 Goths · Poland
733
+17
🇮🇳 Britons · India
568
+25
🇮🇩 Khitans · Indonesia
836
-22
🇮🇩 Malay · Indonesia
804
-21
🇮🇩 Ethiopians · Indonesia
740
-18
🇦🇷 Lithuanians · Argentina
655
-14
Ngaiiii
13:28 Feudal Age
13:57 Horse Collar
14:30 Double-Bit Axe
20:41 Castle Age
20:48 Stone Mining
20:51 Gold Mining
22:32 Bow Saw
22:24 Heavy Plow
22:27 Caravan
28:54 Husbandry
31:32 Ballistics
32:12 Wheelbarrow
34:41 Imperial Age
34:54 Imperial Age
33:57 Hand Cart
34:31 Gold Shaft Mining
34:53 Coinage
35:26 Heavy Scorpion
35:33 Capped Ram
36:48 Conscription
36:28 Siege Ram
38:25 Two-Man Saw
38:04 Banking
38:44 Chemistry
39:47 Rocketry
42:13 Loom
42:37 Fletching
44:20 Bodkin Arrow
46:28 Elite Chu Ko Nu
48:58 Town Watch
64:57 Heavy Rocket Cart
68:55 Cavalier
69:46 Bloodlines
74:43 Scale Mail Armor
74:53 Forging
74:49 Scale Barding Armor
74:45 Padded Archer Armor
74:45 Bracer
77:18 Iron Casting
76:58 Chain Mail Armor
Kagrenak
0:30 Loom
15:45 Feudal Age
17:05 Wheelbarrow
16:16 Double-Bit Axe
27:43 Castle Age
26:21 Stone Mining
28:55 Hand Cart
29:39 Stone Shaft Mining
30:42 Caravan
35:13 Imperial Age
33:13 Bow Saw
33:39 Gold Mining
36:27 Anarchy
36:52 Horse Collar
41:21 Conscription
41:15 Perfusion
41:32 Forging
41:28 Scale Mail Armor
41:31 Squires
42:04 Heavy Plow
41:33 Onager
43:37 Town Watch
44:56 Crop Rotation
44:45 Pikeman
46:03 Iron Casting
45:47 Chain Mail Armor
45:50 Elite Huskarl
46:37 Halberdier
48:22 Blast Furnace
47:54 Town Patrol
54:21 Capped Ram
57:16 Chemistry
56:37 Ballistics
56:22 Fletching
68:22 Bodkin Arrow
68:30 Padded Archer Armor
小飞刀来闹
0:50 Loom
15:42 Feudal Age
21:40 Wheelbarrow
20:46 Horse Collar
20:58 Stone Mining
20:58 Gold Mining
20:55 Double-Bit Axe
27:05 Fishing Lines
29:52 Castle Age
31:12 Hand Cart
30:59 Heavy Plow
31:37 Stone Shaft Mining
31:37 Gold Shaft Mining
31:13 Bow Saw
31:28 Town Watch
31:43 Fletching
31:53 Padded Archer Armor
32:04 Forging
31:54 Scale Mail Armor
32:29 Caravan
32:59 Coinage
33:40 Gillnets
38:07 Imperial Age
35:38 Town Patrol
35:50 Herbal Medicine
38:12 Iron Casting
37:52 Chain Mail Armor
37:42 Scale Barding Armor
37:32 Bodkin Arrow
37:52 Leather Archer Armor
39:41 Conscription
39:22 Kamandaran
39:33 Citadels
39:46 Guilds
40:06 Banking
41:23 Two-Man Saw
41:18 Crop Rotation
42:58 Blast Furnace
42:28 Plate Mail Armor
42:18 Chain Barding Armor
42:33 Ring Archer Armor
41:29 Pikeman
41:55 Gambesons
42:24 Halberdier
43:04 Squires
42:50 Arson
42:27 Man-at-Arms
42:32 Cavalier
43:34 Bloodlines
43:24 Husbandry
43:35 Husbandry
45:19 Hoardings
44:06 Long Swordsman
45:15 Savar
46:14 Heated Shot
46:44 Ballistics
47:25 Chemistry
46:21 Murder Holes
46:44 Masonry
47:31 Plate Barding Armor
49:36 Elite War Elephant
50:25 Crossbowman
51:10 Thumb Ring
53:59 Theocracy
53:42 Block Printing
53:39 Fervor
A11Wolv3rin3
1:11 Loom
18:26 Feudal Age
19:44 Horse Collar
19:51 Double-Bit Axe
19:58 Fishing Lines
23:06 Gold Mining
23:09 Stone Mining
30:54 Castle Age
31:47 Forging
31:37 Scale Mail Armor
31:28 Fletching
31:38 Padded Archer Armor
31:01 Man-at-Arms
31:26 Arson
32:38 Gillnets
32:52 Heavy Plow
32:38 Long Swordsman
32:38 Pikeman
33:04 Gambesons
33:20 Squires
33:57 Iron Casting
33:37 Chain Mail Armor
34:31 Gold Shaft Mining
36:09 Bodkin Arrow
36:30 Leather Archer Armor
36:51 Bow Saw
37:33 Wheelbarrow
39:34 Imperial Age
39:16 Hand Cart
39:15 Caravan
41:46 Two-Man Saw
40:16 Two-Handed Swordsman
40:16 Halberdier
40:19 Crossbowman
40:19 Elite Skirmisher
40:20 Heavy Cavalry Archer
40:24 Elite Longbowman
41:42 Hoardings
41:29 Conscription
42:57 Town Watch
42:34 Arbalester
43:21 Bracer
43:46 Fortified Wall
44:38 Chemistry
44:47 Yeomen
45:33 Warwolf
46:10 Plate Mail Armor
45:59 Town Patrol
47:30 Blast Furnace
47:31 Ring Archer Armor
46:55 Champion
49:27 Ballistics
49:02 Murder Holes
49:18 Masonry
49:02 Guard Tower
70:05 Keep
69:15 Arrowslits
70:01 Architecture
69:12 Treadmill Crane
69:22 Heated Shot
69:56 Sanctity
69:47 Fervor
69:38 Devotion
69:49 Scale Barding Armor
70:31 Illumination
70:22 Block Printing
70:43 Theocracy
70:03 Herbal Medicine
71:40 Cavalier
71:41 Light Cavalry
72:21 Husbandry
72:29 Siege Engineers
72:35 Careening
72:35 Clinker Construction
72:58 Shipwright
72:44 Siphons
73:19 Coinage
72:59 Guilds
75:23 Dry Dock
75:23 Carvel Hull
74:39 Sappers
75:33 Faith
74:39 Heavy Cavalry Archer
75:43 Chain Barding Armor
76:21 Banking
77:30 Plate Barding Armor
76:36 Heavy Scorpion
76:36 Onager
76:36 Capped Ram
Lagi Gabut
0:30 Loom
17:08 Feudal Age
19:12 Fishing Lines
28:09 Horse Collar
28:16 Double-Bit Axe
35:36 Castle Age
35:21 Caravan
35:51 Coinage
35:58 Bow Saw
35:53 Heavy Plow
39:47 Imperial Age
44:43 Wheelbarrow
44:22 Man-at-Arms
44:29 Elite Skirmisher
46:19 Long Swordsman
47:04 Forced Levy
47:29 Conscription
47:54 Forging
47:34 Fletching
47:45 Padded Archer Armor
47:52 Scale Barding Armor
49:35 Crop Rotation
52:37 Two-Handed Swordsman
61:58 Hand Cart
68:31 Onager
Luciano24cm
1:39 Loom
9:48 Feudal Age
10:14 Double-Bit Axe
20:24 Castle Age
18:32 Horse Collar
19:31 Gold Mining
19:34 Stone Mining
21:48 Bow Saw
25:49 Fervor
32:48 Imperial Age
31:30 Wheelbarrow
30:41 Town Watch
30:58 Heavy Plow
31:27 Town Patrol
32:06 Coinage
32:27 Hand Cart
33:11 Stone Shaft Mining
32:50 Onager
34:03 Crop Rotation
34:40 Two-Man Saw
34:00 Scale Barding Armor
34:31 Forging
35:33 Chain Barding Armor
35:16 Elite Leitis
36:33 Iron Casting
36:52 Banking
36:23 Caravan
36:34 Guilds
39:15 Plate Barding Armor
38:30 Fletching
38:41 Padded Archer Armor
43:50 Fortified Wall
43:36 Murder Holes
marcopolo
0:28 Loom
17:33 Feudal Age
21:13 Double-Bit Axe
22:02 Domestication
25:39 Castle Age
23:49 Stone Mining
23:49 Gold Mining
24:13 Forging
24:03 Scale Mail Armor
26:01 Wheelbarrow
24:52 Man-at-Arms
25:20 Arson
25:30 Fletching
26:21 Long Swordsman
28:49 Hand Cart
29:20 Bow Saw
29:23 Gambesons
30:31 Stone Shaft Mining
32:40 Fortified Wall
32:26 Murder Holes
34:22 Masonry
34:22 Squires
37:48 Imperial Age
37:30 Iron Casting
37:10 Chain Mail Armor
38:12 Ballistics
38:24 Chain Mail Armor
39:11 Two-Handed Swordsman
39:23 Capped Ram
39:58 Guard Tower
40:53 Plate Mail Armor
40:58 Champion
42:31 Lamellar Armor
41:54 Pikeman
42:59 Siege Ram
46:19 Elite Liao Dao
54:42 Heavy Rocket Cart
Lord Indranov
0:53 Loom
10:58 Feudal Age
23:06 Castle Age
21:29 Man-at-Arms
23:01 Horse Collar
26:59 Gold Mining
26:59 Stone Mining
28:17 Fishing Lines
28:38 Double-Bit Axe
36:54 Imperial Age
37:27 Caravan
40:14 Fortified Wall
41:35 Gold Shaft Mining
41:36 Stone Shaft Mining
41:03 Heavy Plow
41:16 Bow Saw
41:45 Wheelbarrow
40:42 Elite Shotel Warrior
41:43 Conscription
43:03 Cavalier
43:44 Husbandry
44:44 Forging
44:34 Scale Mail Armor
45:46 Hand Cart
46:43 Scale Barding Armor
46:39 Scale Mail Armor
47:16 Iron Casting
48:49 Onager
49:38 Torsion Engines
49:39 Royal Heirs
49:47 Royal Heirs
53:22 Two-Man Saw
54:48 Siege Onager
56:43 Chemistry
59:00 Fervor
60:13 Heated Shot
60:35 Masonry
61:19 Chain Mail Armor
61:25 Chain Barding Armor
62:05 Blast Furnace
75:11 Halberdier
75:53 Squires
75:38 Arson
Connection lost

Rejoining the realm…

Still unreachable

The connection could not be restored.

Session expired

The server has moved on; the page needs a fresh start.